 Dungeon Crawl Stone Soup version 0.14-a0-2474-g7d54a28 (webtiles) character file.

903 Bloax the Chiller (level 7, -2/32 HPs)
             Began as a Vine Stalker Ice Elementalist on Feb 8, 2014.
             Succumbed to a scorpion's poison
             ... in an ossuary.
             The game lasted 00:15:58 (1906 turns).

Bloax the Chiller (Vine Stalker Ice Elementalist)   Turns: 1906, Time: 00:15:58

HP  -2/32        AC  4     Str  9 (10) XL: 7   Next: 83%
MP   5/20        EV 12     Int 17      God:
Gold 131         SH  0     Dex 15      Spells:  4 memorised,  6 levels left

rFire  + . .     SeeInvis +     j - +2,+3 orc dagger
rCold  + . .     Clarity  .     n - +0 robe {rC+ rF+}
rNeg   . . .     Conserve +     (no shield)
rPois  .         rCorr    +     v - +0 helmet
rElec  .         rRot     +     e - +0 cloak {rCorr, Cons}
SustAb . .       Spirit   +     (no gloves)
rMut   .         Warding  .     (no boots)
Saprov . . .     Stasis   .     (no amulet)
MR     .....                    s - ring of see invisible
                                i - ring of sustenance

@: invisible, confused, very poisoned, not resistant to hostile enchantments,
very unstealthy
A: fangs 2, regeneration 2, magic shield, antimagic bite, no device heal
a: no special abilities


You were in an ossuary.
You were very hungry.

You visited 1 branch of the dungeon, and saw 5 of its levels.
You also visited: Ossuary.

You collected 131 gold pieces.


Innate Abilities, Weirdness & Mutations

You have extremely sharp teeth.
You heal very quickly.
When hurt, damage is shared between your health and your magic reserves.
Your bite disrupts and absorbs the magic of your enemies.
Potions and wands cannot restore your HP.


   Skills:
 - Level 1.5 Dodging
 - Level 2.4 Stealth
 - Level 3.5 Unarmed Combat
 + Level 5.3 Spellcasting
 + Level 3.0 Conjurations
 + Level 5.6 Ice Magic


You had 6 spell levels left.
You knew the following spells:

 Your Spells              Type           Power        Failure   Level  Hunger
a - Freeze                Ice            ###.         1%          1    None
b - Throw Frost           Conj/Ice       ###...       3%          2    #......
c - Ozocubu's Armour      Chrm/Ice       ##........   14%         3    ###....
d - Throw Icicle          Conj/Ice       ###.....     24%         4    ####...


Dungeon Overview and Level Annotations

Branches:
Dungeon (5/16)
 Temple: D:4-7

Altars:
Kikubaaqudgha
Yredelemnul

Shops:
D:4 !

Annotations:
D:5 exclusion: upstairs

Inventory:

Hand weapons
 j - a +2,+3 orcish dagger (weapon)
   (You took it off a goblin on level 2 of the Dungeon)
Armour
 e - a +0 cloak of preservation (worn)
   (You found it on level 1 of the Dungeon)
 n - a +0 robe of resistance (worn)
   (You took it off Jessica on level 3 of the Dungeon)
 v - a +0 helmet (worn)
   (You found it on level 4 of the Dungeon)
Magical devices
 o - a wand of confusion (9)
   (You found it on level 5 of the Dungeon)
Comestibles
 c - a bread ration
 d - a meat ration
Scrolls
 p - 4 scrolls of remove curse
 q - a scroll of blinking {unknown}
 r - a scroll of amnesia {unknown}
 t - a scroll of fog {unknown}
 u - a scroll of magic mapping {unknown}
 x - a scroll of enchant weapon II {unknown}
 y - a scroll of identify
 B - 3 scrolls of recharging
Jewellery
 a - an uncursed ring of fire
   (You found it on level 4 of the Dungeon)
 i - a ring of sustenance (left hand)
   (You found it on level 2 of the Dungeon)
 s - a ring of see invisible (right hand)
   (You found it on level 3 of the Dungeon)
Potions
 k - a potion of porridge
 l - a potion of resistance {unknown}
 m - a potion of poison {ossu, unknown}
 w - a potion of cure mutation {unknown}
 z - a potion of agility {ossu}
 A - a potion of might {unknown}
Books
 b - a book of Frost

   Spells                             Type                      Level
   *Freeze                            Ice                          1
   *Throw Frost                       Conjuration/Ice              2
   *Ozocubu's Armour                  Charms/Ice                   3
   *Throw Icicle                      Conjuration/Ice              4
   Summon Ice Beast                   Ice/Summoning                4
   Condensation Shield                Ice                          4

.\.'...8...#...8...#(..#
...#...#...#....%..#.((#
#############8...8##.(%#
...#...#^^^#.......#..(#
...'...#.^.'...8...#...#
...#...#.^^#...#...#(%.#
#'#######'###########'##
.....#.....#...#.s.#...#
.....#.....#^^.%@z.8...#
.....8.....#...#.......#
...........##'###8...8##
...........#...#.......#
##8.....8###...#...8...#
...........#...#...#...#
...........##'#######%##
.....8.....#...#...#...#
.....#.....'...#...'...#


You could see a scorpion and a big kobold zombie.


Message History

Unknown command.
You hit the scorpion.
The scorpion is severely wounded.
The scorpion misses you. The big kobold zombie hits you.
Unknown command.
You hit the scorpion.
The scorpion is almost dead.
You feel sick. The scorpion stings you.
* * * LOW HITPOINT WARNING * * *
You are more poisoned.
The scorpion poisons you!
You barely miss the scorpion.
You bite the scorpion, but do no damage.
The scorpion is almost dead.
* * * LOW HITPOINT WARNING * * *
You feel sick.
The big kobold zombie closely misses you.
The scorpion stings you.
* * * LOW HITPOINT WARNING * * *
You are more poisoned.
The scorpion poisons you!
* * * LOW HITPOINT WARNING * * *
You feel sick.
Unknown command.
Unknown command.
You hit the big kobold zombie.
* * * LOW HITPOINT WARNING * * *
You feel sick. The big kobold zombie hits you.
* * * LOW HITPOINT WARNING * * *
Unknown command.
* * * LOW HITPOINT WARNING * * *
You feel sick.
* * * LOW HITPOINT WARNING * * *
You feel very sick.
Unknown command.
* * * LOW HITPOINT WARNING * * *
You feel sick.
You feel a little better.
* * * LOW HITPOINT WARNING * * *
You feel very sick.
Casting: Freeze
Aiming: Throw Frost
Aim: a scorpion (almost dead)
The puff of frost hits the big kobold zombie.
The big kobold zombie completely resists.
* * * LOW HITPOINT WARNING * * *
You feel sick.
Unknown command.
* * * LOW HITPOINT WARNING * * *
You feel very sick.
Drink which item? (? for menu, Esc to quit)
You are confused.
It was a potion of confusion.
* * * LOW HITPOINT WARNING * * *
You feel sick.
Unknown command.
Drink which item? (? for menu, Esc to quit)
There was something very wrong with that liquid!
You feel weakened.
It was a potion of degeneration.
* * * LOW HITPOINT WARNING * * *
You feel very sick. The big kobold zombie hits you.
The scorpion stings you but does no damage.
Unknown command.
Unknown command.
Drink which item? (? for menu, Esc to quit)
You fade into invisibility!
It was a potion of invisibility.
You die...

Action                   |  1- 3 |  4- 6 |  7- 9 || total
-------------------------+-------+-------+-------++-------
Melee: Unarmed           |    26 |       |       ||    26
       Dagger            |    29 |   173 |   164 ||   366
Throw: Dart              |       |     1 |       ||     1
 Cast: Freeze            |    16 |    22 |    14 ||    52
       Throw Frost       |       |    13 |     3 ||    16
       Ozocubu's Armour  |       |     3 |     9 ||    12
Evoke: Wand              |       |       |     1 ||     1
  Use: Scroll            |       |     5 |     3 ||     8
       Potion            |       |       |     3 ||     3
 Stab: Sleeping          |       |     2 |     1 ||     3
       Confused          |       |       |     1 ||     1

Vault maps used:
D:1:      dpeg_arrival_snail
D:2:      first_bread
D:3:      grunt_ministairs_2, nrook_loot_triangle, uniq_jessica
D:4:      gammafunk_temple_overflow_statue, lemuel_crystal_altar, serial_shops,
          shop
D:5:      nicolae_ossuary_entry_giza
Ossuary:  ossuary_minmay_scorpions

Notes
Turn   | Place    | Note
--------------------------------------------------------------
     0 | D:1      | Bloax, the Vine Stalker Ice Elementalist, began the quest for the Orb.
     0 | D:1      | Reached XP level 1. HP: 9/9 MP: 3/3
    61 | D:1      | Identified a +0 cloak of preservation (You found it on level 1 of the Dungeon)
   157 | D:2      | Reached XP level 2. HP: 13/13 MP: 1/5
   196 | D:2      | Reached skill level 1 in Unarmed Combat
   257 | D:3      | Noticed Jessica
   266 | D:3      | Killed Jessica
   266 | D:3      | Reached XP level 3. HP: 8/16 MP: 0/7
   353 | D:3      | Learned a level 2 spell: Throw Frost
   357 | D:3      | Learned a level 3 spell: Ozocubu's Armour
   373 | D:3      | Reached skill level 2 in Unarmed Combat
   373 | D:3      | Reached skill level 3 in Spellcasting
   373 | D:3      | Reached XP level 4. HP: 13/21 MP: 1/10
   555 | D:3      | Reached skill level 4 in Ice Magic
   619 | D:3      | Reached XP level 5. HP: 19/24 MP: 7/13
   786 | D:4      | Found Pofyl's Distillery.
   788 | D:4      | Paralysed by a giant eyeball for 2 turns
   794 | D:4      | Paralysed by a giant eyeball for 2 turns
   806 | D:4      | Found an ancient bone altar of Kikubaaqudgha.
   806 | D:4      | Found a basalt altar of Yredelemnul.
   846 | D:4      | Reached skill level 3 in Unarmed Combat
   920 | D:4      | Noticed an ogre
   963 | D:5      | Entered Level 5 of the Dungeon
   984 | D:5      | Gained mutation: You heal very quickly. [vine stalker growth]
   984 | D:5      | Reached XP level 6. HP: 28/28 MP: 12/16
  1170 | D:5      | Reached skill level 4 in Spellcasting
  1339 | D:5      | Found a sand-covered staircase.
  1360 | D:5      | Learned a level 4 spell: Throw Icicle
  1361 | Ossuary  | Entered an ossuary
  1434 | Ossuary  | Reached XP level 7. HP: 22/32 MP: 13/18
  1444 | Ossuary  | Reached skill level 5 in Ice Magic
  1523 | Ossuary  | HP: 8/32 [scorpion zombie (1)]
  1528 | Ossuary  | HP: 7/32 [poison (a needle trap)]
  1535 | Ossuary  | HP: 8/32 [poison (a needle trap)]
  1541 | Ossuary  | HP: 8/32 [gnoll zombie (1)]
  1546 | Ossuary  | HP: 5/32 [poison (a needle trap)]
  1549 | Ossuary  | Reached skill level 2 in Conjurations
  1552 | Ossuary  | HP: 5/32 [poison (a needle trap)]
  1667 | Ossuary  | Reached skill level 5 in Spellcasting
  1819 | Ossuary  | HP: 6/32 [mummy (11)]
  1826 | Ossuary  | HP: 8/32 [poisoned by a scorpion]
  1829 | Ossuary  | Reached skill level 3 in Conjurations
  1899 | Ossuary  | HP: 8/32 [poisoned by a scorpion]
  1903 | Ossuary  | HP: 3/32 [poisoned by a scorpion]
  1905 | Ossuary  | HP: 1/32 [poisoned by a scorpion]
  1906 | Ossuary  | Succumbed to a scorpion's poison

Vanquished Creatures
  2 crimson imps (D:5)
  2 centaur zombies (Ossuary)
  A human zombie (Ossuary)
  A jelly (D:5)
  2 orc wizards (D:3)
  11 scorpions
  A worker ant (D:4)
  Jessica (D:3)
  3 big kobold zombies (Ossuary)
  3 mummies
  6 adders
  An inept feature mimic (D:3)
  6 scorpion zombies (Ossuary)
  A giant eyeball (D:4)
  A giant gecko (D:2)
  10 orcs
  A ball python (D:4)
  2 giant cockroaches
  2 gnoll zombies (Ossuary)
  7 goblins
  4 hobgoblins
  5 jackals
  4 kobolds
  A quokka (D:5)
  2 bats
  4 giant newts
  A goblin skeleton (D:4)
  2 goblin zombies (Ossuary)
  A hobgoblin skeleton (D:5)
  A hobgoblin zombie (Ossuary)
  A kobold skeleton (D:4)
  An orc zombie (D:5)
  6 rats
  A rat skeleton (D:5)
98 creatures vanquished.

Vanquished Creatures (others)
  A scorpion (Ossuary)
1 creature vanquished.

Grand Total: 99 creatures vanquished
